 Dungeon Crawl Stone Soup version 0.25-a0-294-gea9b1ad378 (webtiles) character file.

Game seed: 10021471265503638882, levelgen mode: classic

1147 Borgoz the Slasher (level 8, -1/70 HPs)
             Began as a Minotaur Berserker on Dec 18, 2019.
             Was a Priest of Trog.
             Slain by an ice beast (9 damage)
             ... on level 6 of the Dungeon.
             The game lasted 00:05:12 (5639 turns).

Borgoz the Slasher (Minotaur Berserker)             Turns: 5639, Time: 00:05:13

Health: -1/70      AC:  2    Str: 23    XL:     8   Next: 15%
Magic:  7/7        EV: 14    Int:  4    God:    Trog [***...]
Gold:   254        SH:  0    Dex: 11    Spells: 7/7 levels left

rFire    . . .     SeeInvis .   a - +0 falchion
rCold    . . .     Gourm    .   (no shield)
rNeg     . . .     Faith    .   b - +0 animal skin
rPois    .         Spirit   .   (helmet restricted)
rElec    .         Reflect  .   (no cloak)
rCorr    .         Harm     .   (no gloves)
MR       .....                  (no boots)
Stlth    +.........             (no amulet)
HPRegen  0.21/turn              (no ring)
MPRegen  0.10/turn              (no ring)

@: no status effects
A: retaliatory headbutt, horns 2
a: Berserk, Trog's Hand, Renounce Religion


You were on level 6 of the Dungeon.
You worshipped Trog.
Trog was most pleased with you.
You were not hungry.

You visited 1 branch of the dungeon, and saw 6 of its levels.

You collected 254 gold pieces.

Inventory:

Hand Weapons
 a - a +0 falchion (weapon)
Missiles
 j - a throwing net (quivered)
Armour
 b - a +0 animal skin (worn)
Jewellery
 g - an uncursed ring of fire
 s - a cursed -3 ring of evasion {unknown}
Wands
 t - a wand of paralysis (3)
 w - a wand of polymorph (13)
Scrolls
 f - 4 scrolls of remove curse {unknown}
 h - 2 scrolls of amnesia {unknown}
 k - 2 scrolls of immolation {unknown}
 m - a scroll of fog {unknown}
 n - 3 scrolls of identify {unknown}
 q - 3 scrolls of random uselessness {unknown}
 r - a scroll of teleportation {unknown}
Potions
 d - 2 potions of haste {unknown}
 e - 2 potions of heal wounds {unknown}
 i - a potion of mutation {unknown}
 o - 2 potions of curing {unknown}
 p - a potion of ambrosia {unknown}
 u - a potion of might {unknown}
 v - a potion of flight {unknown}
 x - a potion of magic {unknown}
Comestibles
 c - 11 rations
 l - 3 chunks of flesh


   Skills:
 + Level 5.9 Fighting
 * Level 7.6 Long Blades
 * Level 7.1 Armour
 + Level 4.7 Dodging


You had 7 spell levels left.
You didn't know any spells.
Your spell library was empty.

Dungeon Overview and Level Annotations

Branches:
Dungeon (6/15)             Temple (0/1) D:4

Altars:
Dithmenos
Hepliaklqana
Nemelex Xobeh
Sif Muna
Trog


Innate Abilities, Weirdness & Mutations

You reflexively headbutt those who attack you in melee.
You have a pair of horns on your head.


Message History

You are too injured to fight recklessly!
You are too injured to fight recklessly!
You are too injured to fight recklessly!
You are too injured to fight recklessly!
Unknown command.
You hit the ice beast. Your headbutt misses the ice beast.
The ice beast is almost dead.
The howler monkey zombie closely misses you.
You riposte.
You hit the howler monkey zombie. You headbutt the howler monkey zombie.
You destroy the howler monkey zombie!
Trog accepts your kill. The ice beast hits you. The ice beast freezes you!
* * * LOW HITPOINT WARNING * * *
You closely miss the ice beast. Your headbutt misses the ice beast.
The ice beast is almost dead.
The ice beast hits you.
* * * LOW HITPOINT WARNING * * *
The ice beast freezes you!
You die...

#........#
#....#.#.# .#.
###..$.(...#...#
.#..........#....
..?.............
#.............###
#.......#........
#.....Y@........#
##......#..##....
#.##.###..#....#
#. #.........
##..#.#####...
#.............
#.....<....#.
#.............
#..........##.


You could see an ice beast.

Vanquished Creatures
  3 ogres
  A big kobold (D:4)
  A bullfrog (D:5)
  2 scorpions
  A howler monkey (D:4)
  3 crimson imps (D:5)
  An orc wizard (D:3)
  2 hounds (D:5)
  Ijyb (D:5)
  An iguana (D:5)
  2 worker ants (D:4)
  Natasha (thrice) (D:3)
  8 adders
  6 gnolls (D:2)
  A howler monkey zombie (D:6)
  2 oozes (D:3)
  An adder zombie (D:5)
  4 worms
  A leopard gecko (D:3)
  12 orcs
  5 giant cockroaches
  9 hobgoblins
  A quokka (D:3)
  9 bats
  6 frilled lizards
  9 goblins
  8 kobolds
  10 rats
113 creatures vanquished.

Notes
Turn   | Place    | Note
-------+----------+-------------------------------------------
     0 | D:1      | Borgoz the Minotaur Berserker began the quest for the Orb.
     0 | D:1      | Reached XP level 1. HP: 19/19 MP: 0/0
   209 | D:1      | Reached XP level 2. HP: 23/27 MP: 1/1
   868 | D:1      | You fall into a shaft and drop 1 floor!
   941 | D:2      | Reached XP level 3. HP: 15/33 MP: 2/2
   943 | D:2      | Reached ** piety under Trog
  1157 | D:2      | Found a shimmering blue altar of Sif Muna.
  1199 | D:2      | Reached XP level 4. HP: 40/40 MP: 3/3
  1645 | D:2      | Found a sparkling altar of Nemelex Xobeh.
  1736 | D:2      | Reached XP level 5. HP: 47/47 MP: 4/4
  1778 | D:2      | Reached skill level 5 in Long Blades
  2652 | D:3      | Reached XP level 6. HP: 39/53 MP: 5/5
  2678 | D:3      | Reached *** piety under Trog
  2897 | D:3      | Noticed Natasha
  2903 | D:3      | Killed Natasha
  2903 | D:3      | Reached skill level 5 in Armour
  3652 | D:3      | Noticed Natasha
  3659 | D:3      | Killed Natasha
  3961 | D:3      | Noticed Natasha
  3971 | D:3      | Killed Natasha
  4013 | D:4      | Found a staircase to the Ecumenical Temple.
  4058 | D:4      | Reached skill level 5 in Fighting
  4103 | D:4      | Found a shadowy altar of Dithmenos.
  4133 | D:4      | Reached XP level 7. HP: 52/61 MP: 6/6
  4360 | D:4      | Found a hazy altar of Hepliaklqana.
  4627 | D:5      | Entered Level 5 of the Dungeon
  4732 | D:5      | Noticed Ijyb
  4733 | D:5      | Paralysed by Ijyb for 6 turns
  4744 | D:5      | Killed Ijyb
  4996 | D:5      | Reached XP level 8. HP: 64/70 MP: 7/7
  5541 | D:5      | Noticed a moth of wrath
  5544 | D:5      | Found a bloodstained altar of Trog.
  5639 | D:6      | Slain by an ice beast

Levels and vault maps discovered:
D:1:      nagdon_arrival_double_spiral, layout_loops_corners
D:2:      layout_basic, nemelex_xobeh_ov_fountains_minmay, old_standard_altar
D:3:      layout_basic, serial_bayou_pond_b, uniq_natasha
D:4:      layout_cave_pools, lemuel_crystal_altar, minmay_temple_entry_trees,
          first_ration, nicolae_dithmenos_the_darkroom
D:5:      layout_loops_corners, tgw_trog, uniq_ijyb
D:6:      layout_rooms, hangedman_decor_lopped, kennysheep_big_empty_room,
          uniq_eustachio

Skill      XL: |  1  2  3  4  5  6  7  8 |
---------------+-------------------------+-----
Long Blades    | 4 5 6 7 |  7.6
Armour         | 3 4 5 6 7 |  7.1
Fighting       | 4 5 |  5.9
Dodging        | 3 4 |  4.7

Action                   |  1- 3 |  4- 6 |  7- 9 || total
-------------------------+-------+-------+-------++-------
Melee: Falchion          |    57 |   124 |    99 ||   280
       Headbutt          |     6 |    24 |    24 ||    54
Invok: Berserk           |     1 |     1 |     1 ||     3
       Trog's Hand       |       |     1 |       ||     1
 Stab: Sleeping          |     2 |     1 |       ||     3
  Eat: Chunk             |     1 |     8 |     6 ||    15
       Ration            |       |     1 |       ||     1
Armor: Animal skin       |     5 |    17 |     8 ||    30
Dodge: Dodged            |    46 |    75 |    52 ||   173
       Rpst.: Falchion   |    12 |    17 |    20 ||    49

Table legend:
 A = Non-vault XP
 B = Vault XP
 C = Vault XP percentage of total XP
 D = Non-vault monster count
 E = Vault monster count
 F = Vault count percentage of total count
                 A         B        C        D         E       F
            +---------+---------+-------+---------+---------+-------
      Total |    1550 |      89 |   5.4 |     104 |       9 |   8.0
            +---------+---------+-------+---------+---------+-------
        D:1 |      30 |       0 |   0.0 |      20 |       0 |   0.0
        D:2 |     180 |       0 |   0.0 |      29 |       0 |   0.0
        D:3 |     281 |      40 |  12.5 |      29 |       3 |   9.4
        D:4 |     552 |       0 |   0.0 |      14 |       0 |   0.0
        D:5 |     493 |      49 |   9.0 |      11 |       6 |  35.3
        D:6 |      14 |       0 |   0.0 |       1 |       0 |   0.0
            +---------+---------+-------+---------+---------+-------
